 Dungeon Crawl Stone Soup version 0.22-a0-247-gbddf880 (webtiles) character file.

52 MatthieuS the Grave Robber (level 3, -13/21 HPs)
             Began as a Gargoyle Wanderer on Feb 27, 2018.
             Killed from afar by Robin (19 damage)
             ... with an exploding inner flame
             ... hexed by the player character
             ... on level 2 of the Dungeon.
             The game lasted 00:04:58 (3040 turns).

MatthieuS the Grave Robber (Gargoyle Wanderer)      Turns: 3040, Time: 00:04:59

Health: -13/21     AC:  8    Str: 15    XL:     3   Next: 85%
Magic:  4/4        EV: 10    Int: 13    God:
Gold:   57         SH:  0    Dex:  9    Spells: 4/4 levels left

rFire    . . .     SeeInvis .   b - -2 whip (curse)
rCold    . . .     Gourm    .   (no shield)
rNeg     + . .     Faith    .   e - +0 ring mail
rPois    ∞         Spirit   .   (no helmet)
rElec    +         Reflect  .   (no cloak)
rCorr    .         Harm     .   (no gloves)
MR       .....                  (no boots)
Stlth    ..........             (no amulet)
HPRegen  0.07/turn              (no ring)
MPRegen  0.09/turn              (no ring)

@: no status effects
A: negative energy resistance 1, electricity resistance, unbreathing,
petrification resistance, rot immunity, AC +3
a: no special abilities


You were on level 2 of the Dungeon.
You were not hungry.

You visited 1 branch of the dungeon, and saw 2 of its levels.

You collected 57 gold pieces.

Inventory:

Hand Weapons
 b - a cursed -2 whip (weapon)
 g - a +0 whip
Missiles
 h - 23 sling bullets
Armour
 e - a +0 ring mail (worn)
Comestibles
 a - 2 rations


   Skills:
 + Level 2.2 Fighting
   Level 1.7 Short Blades
 * Level 1.2 Maces & Flails
 + Level 1.7 Armour
 - Level 1.0 Dodging
   Level 1.1 Shields
 - Level 1.0 Spellcasting
   Level 1.1 Conjurations
   Level 2.4 Necromancy
   Level 1.0 Evocations


You had 4 spell levels left.
You didn't know any spells.

Dungeon Overview and Level Annotations

Branches:
Dungeon (2/15)

Altars:


Innate Abilities, Weirdness & Mutations

You are resistant to torment.
Your stone body is resilient. (AC +3)
You are immune to poison.
You resist negative energy. (rN+)
You are resistant to electric shocks. (rElec)
You can survive without breathing.
You are immune to petrification.
You are immune to rotting.


Message History

Robin barely misses you.
You hit Robin but do no damage.
Robin is severely wounded.
Robin says, "My goblins will feast on your bones."
Robin closely misses you.
You barely miss Robin.
Robin is severely wounded.
Robin closely misses you.
You hit Robin but do no damage.
Robin is severely wounded.
Robin hits you with a club.
* * * LOW HITPOINT WARNING * * *
You barely miss Robin.
Robin is severely wounded.
Robin barely misses you.
You hit Robin.
Robin explodes!
The fiery explosion engulfs you!
Ouch! That really hurt!
You die...

##...# #.# #.###..#.#
.....### #.# #.# #..#.#
...h(..# #.# ##.###..#.#
##h#h#.# #.# #.......#.#
#.#)#.###.###########.....#.#
#.#g#.#......g)h†h......#.#.#
#.#.#....##########...###.#.#
#.#g####.#...######.### #.#.#
#.#..g.#g#.#...@§§..# #.#.#
..####.#.#.#..####### .#†#
#.#h#.#...()...# .#.#
#.h.#.#>....##.# #.#
#####.##...###.# #.#
#..........# #.# ############
#.# #.# #.#


There were no monsters in sight!

Vanquished Creatures
  An ooze (D:2)
  2 dart slugs (D:1)
  A leopard gecko (D:1)
  A giant cockroach (D:1)
  7 goblins
  8 hobgoblins
  2 jackals (D:1)
  4 bats (D:1)
  4 frilled lizards
  5 kobolds
  4 rats
39 creatures vanquished.

Notes
Turn   | Place    | Note
-------+----------+-------------------------------------------
     0 | D:1      | MatthieuS the Gargoyle Wanderer began the quest for the Orb.
     0 | D:1      | MatthieuS set off with: a ration, a potion of lignification, a +0 robe, a +0 club
     0 | D:1      | Reached XP level 1. HP: 12/12 MP: 2/2
   779 | D:1      | Reached XP level 2. HP: 5/16 MP: 3/3
  1013 | D:1      | Reached skill level 1 in Armour
  1617 | D:1      | Reached skill level 1 in Dodging
  1617 | D:1      | Reached XP level 3. HP: 14/21 MP: 4/4
  2252 | D:2      | Reached skill level 1 in Maces & Flails
  2509 | D:2      | Noticed Robin
  2552 | D:2      | HP: 1/21 [hobgoblin/club[Robin] (2)]
  3040 | D:2      | Killed Robin
  3040 | D:2      | Killed from afar by Robin

Vault maps used:
D:1:      dpeg_arrival_arbitrary_b
D:2:      nicolae_overflow_crystal_walls, lemuel_blue_sif_altar, first_ration,
          serial_bayou_pond_b, minmay_crystal_water, uniq_robin

Skill      XL: |  1  2  3 |
---------------+----------+-----
Armour         | 1 |  1.7
Dodging        | 1 |  1.0
Fighting       | 2 |  2.2
Maces & Flails | 1 |  1.2
Short Blades   | |  1.7
Shields        | |  1.1
Spellcasting   | |  1.0
Conjurations   | |  1.1
Necromancy     | |  2.4
Evocations     | |  1.0

Action                   || total
-------------------------++-------
Melee: Whip              ||   359
       Club              ||     3
  Use: Potion            ||     3
       Scroll            ||     2
 Stab: Sleeping          ||     1
  Eat: Chunk             ||     7
Armor: Robe              ||   107
       Skin              ||     4
       Ring mail         ||    22
Dodge: Dodged            ||   246

Table legend:
 A = Spawn XP
 B = Non-spawn XP
 C = Spawn XP percentage of total XP
 D = Spawn monster count
 E = Non-spawn monster count
 F = Spawn count percentage of total count
 G = Total turns spent on level
                    A         B        C        D         E        F      G
               +---------+---------+-------+---------+---------+-------+---------
         Total |       0 |      75 |   0.0 |       0 |      39 |   0.0 |  3040
               +---------+---------+-------+---------+---------+-------+---------
           D:1 |       0 |      45 |   0.0 |       0 |      25 |   0.0 |  2338
           D:2 |       0 |      30 |   0.0 |       0 |      14 |   0.0 |   702
               +---------+---------+-------+---------+---------+-------+---------
